 Dungeon Crawl Stone Soup version 0.30-a0-1043-g60ff8d5f49 (webtiles) character file.

Game seed: 8573186221360912693

746 NateTC the Trooper (level 7, 0/72 HPs)
             Began as a Troll Fighter on Apr 9, 2023.
             Was a Follower of Okawaru.
             Slain by an orc wizard
             ... wielding a +1 dagger of venom
              (2 damage)
             ... on level 5 of the Dungeon.
             The game lasted 00:06:37 (3615 turns).

NateTC the Trooper (Troll Fighter)                  Turns: 3615, Time: 00:06:38

Health: 0/72       AC:  5    Str: 27    XL:     7   Next: 48%
Magic:  6/6        EV:  9    Int: 10    God:    Okawaru [*.....]
Gold:   312        SH:  9    Dex:  9    Spells: 6/6 levels left

rFire   . . .      SeeInvis .      - Unarmed
rCold   . . .      Faith    .    b - +1 kite shield
rNeg    . . .      Spirit   .    a - +0 robe
rPois   .          Reflect  .    (helmet restricted)
rElec   .          Rampage  .    s - +0 cloak
rCorr   .                        (gloves unavailable)
Will    +....                    (boots unavailable)
Stlth   +                        (no amulet)
HPRegen 1.12/turn                k - ring of willpower
MPRegen 0.10/turn                h - +6 ring of intelligence

@: lethally poisoned (0 -> -6)
A: large, unfitting armour, claws 3, regeneration 1, shaggy fur 1, tough skin 1
a: Renounce Religion, Heroism


You were on level 5 of the Dungeon.
You worshipped Okawaru.
Okawaru was aware of your devotion.
You visited 2 branches of the dungeon, and saw 7 of its levels.

You collected 312 gold pieces.

Inventory:

Armour
 a - a +0 robe (worn)
 b - a +1 kite shield (worn)
 s - a +0 cloak (worn)
Jewellery
 h - a +6 ring of intelligence (right claw)
 i - a ring of wizardry
 k - a ring of willpower (left claw)
Scrolls
 l - 4 scrolls of teleportation
Potions
 c - 2 potions of might
 e - a potion of mutation
 g - 3 potions of berserk rage
 m - 6 potions of curing
 n - 2 potions of lignification
 o - a potion of attraction
 p - a potion of ambrosia {unknown}


   Skills:
 * Level 5.5 Fighting
 * Level 3.7 Dodging
 - Level 5.0 Shields
 - Level 2.0 Unarmed Combat


You had 6 spell levels left.
You didn't know any spells.
Your spell library contained the following spells:

 Spells                   Type           Power      Damage    Failure   Level
 Foxfire                  Conj/Fire      0%         2x1d4     63%         1
 Dazzling Flash           Conj/Hex       0%         N/A       94%         3
 Volatile Blastmotes      Fire/Tloc      0%         2d10      94%         3
 Iskenderun's Mystic Bla  Conj/Tloc      0%         2d3       100%        4
 Fireball                 Conj/Fire      0%         3d3       100%        5
 Plasma Beam              Fire/Air       0%         2x1d11    100%        6
 Starburst                Conj/Fire      0%         6d3       100%        6


Dungeon Overview and Level Annotations

Branches:
Dungeon (6/15) Zot: 26882  Temple (1/1) D:4 Zot: 5989

Altars:
Elyvilon
Nemelex Xobeh
Okawaru
Trog
Uskayaw
Yredelemnul


Innate Abilities, Weirdness & Mutations

You are too large for most types of armour.
You have claws for hands.
Your natural rate of healing is unusually fast.
You are covered in fur. (AC +1)
You have tough skin. (AC +1)


Message History

You are too injured to fight recklessly!
You are too injured to fight recklessly!
You are too injured to fight recklessly!
You are too injured to fight recklessly!
You are too injured to fight recklessly!
You are too injured to fight recklessly!
You are too injured to fight recklessly!
You are too injured to fight recklessly!
You are too injured to fight recklessly!
You barely miss the orc wizard.
The orc wizard is moderately wounded.
You feel very sick.
The orc wizard hits you but does no damage.
You are more poisoned.
The orc barely misses you.
You scratch the orc.
The orc is almost dead.
You feel very sick.
The orc wizard hits you but does no damage.
You are more poisoned.
You block the orc's attack.
You claw the orc!
You kill the orc!
Okawaru accepts your kill.
* * * LOW HITPOINT WARNING * * *
You feel extremely sick.
The orc wizard hits you but does no damage.
* * * LOW HITPOINT WARNING * * *
You feel very sick.
The orc wizard points at you and mumbles some strange words.
The puff of flame hits you.
* * * LOW HITPOINT WARNING * * *
Things that are here:
a +0 falchion; a +0 scale mail You scratch the orc wizard.
The orc wizard is moderately wounded.
* * * LOW HITPOINT WARNING * * *
You feel very sick.
The orc wizard hits you with a +1 dagger of venom.
You die...

#### ## #..# .# ##..# .#
#####.@########### .#
#....>o#.....<...# .#
#.#...##.........# <#
#.#.####.........# ##
####...# #.........#
#.....## #.........#
##.##..# #.........#
#######..##.######.........#
.....##.##..###.........####


You could see an orc wizard.

Vanquished Creatures
  An ogre (D:5)
  A phantom (D:5)
  4 hounds
  An orc priest (D:6)
  5 sleepcaps
  Jessica (D:3)
  An iguana (D:5)
  4 gnolls (D:3)
  10 adders
  An ufetubus (D:3)
  5 worms
  A dart slug (D:4)
  11 orcs
  11 ball pythons
  6 bats
  6 endoplasms
  A giant cockroach (D:2)
  9 goblins
  8 hobgoblins
  5 jackals
  6 kobolds
  6 quokkas
  2 frilled lizards
  2 rats
108 creatures vanquished.

Notes
Turn   | Place    | Note
-------+----------+-------------------------------------------
     0 | D:1      | NateTC the Troll Fighter began the quest for the Orb.
     0 | D:1      | Reached XP level 1. HP: 22/22 MP: 0/0
   164 | D:1      | Reached XP level 2. HP: 29/29 MP: 1/1
   453 | D:1      | Reached XP level 3. HP: 37/37 MP: 2/2
  1166 | D:2      | Reached XP level 4. HP: 45/45 MP: 3/3
  1280 | D:2      | Found a faded altar of an unknown god.
  1900 | D:3      | Reached XP level 5. HP: 43/54 MP: 4/4
  2176 | D:3      | Noticed Jessica
  2181 | D:3      | Killed Jessica
  2401 | D:4      | Found a staircase to the Ecumenical Temple.
  2463 | D:4      | Reached XP level 6. HP: 62/62 MP: 5/5
  2650 | D:4      | Reached skill level 5 in Shields
  2669 | Temple   | Entered the Ecumenical Temple
  2674 | Temple   | Became a worshipper of Warmaster Okawaru
  2866 | D:5      | Entered Level 5 of the Dungeon
  2930 | D:5      | Reached skill level 5 in Fighting
  3044 | D:5      | Reached XP level 7. HP: 72/72 MP: 6/6
  3200 | D:5      | Reached * piety under Okawaru
  3615 | D:5      | HP: 2/72 [poisoned by an orc wizard]
  3615 | D:5      | Slain by an orc wizard

Illustrated notes

Levels and vault maps discovered:
D:1:      scummos_arrival_simple_crosswalls, layout_basic
D:2:      layout_loops_corners, chequers_ecumenical_altar_simple,
          kennysheep_potato
D:3:      layout_rooms, uniq_jessica
D:4:      layout_rooms, minmay_temple_entry_glass, dk_vineyard_1
D:5:      layout_rooms
D:6:      layout_gridville, uniq_edmund
Temple:   hellmonk_temple_of_storms

Skill      XL: |  1  2  3  4  5  6 |
---------------+-------------------+-----
Shields        | 3 4 5 |  5.0
Fighting       | 3 4 5 |  5.5
Dodging        | 3 |  3.7
Unarmed Combat | |  2.0

Action                     |  1- 3 |  4- 6 |  7- 9 || total
---------------------------+-------+-------+-------++-------
  Melee: Unarmed           |   117 |   237 |    58 ||   412
    Use: Scroll            |     3 |    11 |     5 ||    19
         Potion            |       |       |     2 ||     2
   Stab: Sleeping          |     1 |     2 |       ||     3
         Distracted        |       |       |     1 ||     1
 Armour: Robe              |    54 |    68 |    11 ||   133
  Dodge: Dodged            |    55 |    73 |    23 ||   151
  Block: Kite shield       |    52 |   122 |    34 ||   208

Table legend: (Time is in decaauts)
 A = Elapsed time spent in this place.
 B = Non-inter-level travel time spent in this place.
 C = Inter-level travel time spent in this place.
 D = Time resting spent in this place.
 E = Time spent auto-exploring this place.
 F = Levels seen in this place.
 G = Mean time per level.
                   A        B        C        D        E       F      G
               +--------+--------+--------+--------+--------+-----+--------+
         Total |   3652 |   3518 |    134 |    231 |   2391 |   7 |  521.7 |
       Dungeon |   3641 |   3512 |    129 |    231 |   2391 |   6 |  606.8 |
        Temple |     10 |      5 |      5 |      0 |      0 |   1 |   10.0 |
               +--------+--------+--------+--------+--------+-----+--------+

Top non-repeatable levels by time:
     D:2: 1122 daAuts
     D:5: 714 daAuts
     D:1: 698 daAuts
     D:3: 554 daAuts
     D:4: 507 daAuts
     D:6: 44 daAuts
  Temple: 10 daAuts
